 Dungeon Crawl Stone Soup version 0.27-a0-909-g0721f309d1 (webtiles) character file.

Game seed: 14747257399926958371

2 Alarkh the Insei (level 1, -3/16 HPs)
             Began as a Demonspawn Gladiator on Apr 8, 2021.
             Killed by Freeze
             ... generated by an endoplasm
              (5 damage)
             ... on level 1 of the Dungeon.
             The game lasted 00:00:08 (91 turns).

Alarkh the Insei (Demonspawn Gladiator)               Turns: 91, Time: 00:00:09

Health: -3/16      AC:  4    Str: 14    XL:     1   Next: 25%
Magic:  1/1        EV: 12    Int:  9    God:
Gold:   0          SH:  0    Dex: 14    Spells: 0/0 levels left

rFire    . . .     SeeInvis .     - Unarmed
rCold    . . .     Faith    .   (no shield)
rNeg     . . .     Spirit   .   a - +0 leather armour
rPois    .         Reflect  .   b - +0 helmet
rElec    .         Harm     .   (no cloak)
rCorr    .         Rampage  .   (no gloves)
Will     .....                  (no boots)
Stlth    +.........             (no amulet)
HPRegen  0.05/turn              (no ring)
MPRegen  0.07/turn              (no ring)

@: no status effects
A: no striking features
a: no special abilities


You were on level 1 of the Dungeon.
You visited 1 branch of the dungeon, and saw 1 of its levels.

Inventory:

Missiles
 c - 3 throwing nets (quivered)
Armour
 a - a +0 leather armour (worn)
 b - a +0 helmet (worn)


   Skills:
 + Level 2.0 Fighting
 - Level 1.7 Throwing
 - Level 2.6 Dodging
 * Level 2.7 Unarmed Combat


You couldn't memorise any spells.
You didn't know any spells.
Your spell library contained the following spells:

 Spells                   Type           Power      Damage    Failure   Level
 Animate Skeleton         Necr           0%         N/A       45%         1
 Apportation              Tloc           0%         N/A       45%         1
 Corona                   Hex            0%         N/A       45%         1
 Summon Small Mammal      Summ           0%         N/A       45%         1


Dungeon Overview and Level Annotations

Branches:
Dungeon (1/15)

Altars:


Message History

You kill the rat!
The bat closely misses you. The endoplasm freezes you.
You are frozen.
The rat closely misses you.
You are too injured to fight recklessly!
You are too injured to fight recklessly!
You are too injured to fight recklessly!
You are too injured to fight recklessly!
You are too injured to fight recklessly!
You are too injured to fight recklessly!
You are too injured to fight recklessly!
You are too injured to fight recklessly!
You are too injured to fight recklessly!
You are too injured to fight recklessly!
The bat misses you. The rat bites you but does no damage.
You hit the bat.
The bat is severely wounded.
The bat closely misses you. The bat misses you.
The bat hits you but does no damage. The kobold misses you.
The endoplasm closely misses you. The rat bites you but does no damage.
You hit the bat.
You kill the bat!
The kobold misses you. The endoplasm hits you. The rat bites you.
* * * LOW HITPOINT WARNING * * *
You hit the endoplasm.
The endoplasm is lightly wounded.
The endoplasm barely misses you.
You hit the endoplasm.
The endoplasm is heavily wounded.
The endoplasm hits you but does no damage.
You hit the endoplasm.
The endoplasm is heavily wounded.
The endoplasm freezes you.
You are frozen.
* * * LOW HITPOINT WARNING * * *
You hit the endoplasm but do no damage.
The endoplasm is heavily wounded.
The endoplasm freezes you.
You are frozen.
You die...

.#.............
#......†...?..#
.............#
.######..#####
###.## #r..#
#K##########
#J#........#
#@#........#
#.#.........
###.#.........
#............#
#.....########
#.....#########.
#...............
#.......########
#.....#......#


You could see an endoplasm, a kobold and a rat.

Vanquished Creatures
  A ball python (D:1)
  A bat (D:1)
  A rat (D:1)
3 creatures vanquished.

Notes
Turn   | Place    | Note
-------+----------+-------------------------------------------
     0 | D:1      | Alarkh the Demonspawn Gladiator began the quest for the
                  | Orb.
     0 | D:1      | Reached XP level 1. HP: 16/16 MP: 1/1
    91 | D:1      | Killed from afar by an endoplasm

Illustrated notes

Levels and vault maps discovered:
D:1:      tarquinn_simple_flora_water_d, layout_rooms,
          shapermc_ecumenical_altar_gd

Action                   || total
-------------------------++-------
Melee: Unarmed           ||    12
Armor: Leather armour    ||     6
Dodge: Dodged            ||    18

Table legend: (Time is in decaauts)
 A = Elapsed time spent in this place.
 B = Non-inter-level travel time spent in this place.
 C = Inter-level travel time spent in this place.
 D = Time resting spent in this place.
 E = Time spent auto-exploring this place.
 F = Levels seen in this place.
 G = Mean time per level.
                   A        B        C        D        E       F      G
               +--------+--------+--------+--------+--------+-----+--------+
         Total |     90 |     90 |      0 |      0 |     69 |   1 |   90.0 |
       Dungeon |     90 |     90 |      0 |      0 |     69 |   1 |   90.0 |
               +--------+--------+--------+--------+--------+-----+--------+

Top non-repeatable levels by time:
     D:1: 90 daAuts
